 Dungeon Crawl Stone Soup version 0.29.1-13-g9f3cf754e1 (webtiles) character file.

Game seed: 6619064579844441578

21 mikeweasel the Grave Robber (level 2, -1/19 HPs)
             Began as a Demonspawn Necromancer on Jan 27, 2023.
             Was a Plaything of Xom.
             Slain by a black bear (2 damage)
             ... on level 2 of the Dungeon.
             The game lasted 00:09:09 (985 turns).

mikeweasel the Grave Robber (Demonspawn Necromancer) Turns: 985, Time: 00:09:10

Health: -1/19      AC:  3    Str:  8    XL:     2   Next: 62%
Magic:  0/5        EV: 17    Int: 16    God:    Xom [..*...]
Gold:   50         SH:  0    Dex: 13    Spells: 3/5 levels left

rFire   . . .      SeeInvis .   c - +0 dagger
rCold   . . .      Faith    .   (no shield)
rNeg    . . .      Spirit   .   a - +0 robe
rPois   .          Reflect  .   d - +0 helmet
rElec   .          Harm     .   (no cloak)
rCorr   .          Rampage  .   (no gloves)
Will    .....                   (no boots)
Stlth   ++........              (no amulet)
HPRegen 0.06/turn               (no ring)
MPRegen 0.09/turn               (no ring)

@: agile
A: powered by pain 1
a: Renounce Religion


You were on level 2 of the Dungeon.
You worshipped Xom.
You were a toy of Xom.
You visited 1 branch of the dungeon, and saw 2 of its levels.

You collected 50 gold pieces.

Inventory:

Hand Weapons
 c - a +0 dagger (weapon)
Armour
 a - a +0 robe (worn)
 d - a +0 helmet (worn)


   Skills:
 + Level 2.0 Dodging
 + Level 2.0 Stealth
 + Level 2.2 Spellcasting
 + Level 0.2 Summonings
 + Level 4.9 Necromancy


You had 3 spell levels left.
You knew the following spells:

 Your Spells              Type           Power      Damage    Failure   Level
a - Necrotise             Necr           68%        1d7       2%          1
b - Summon Small Mammal   Summ           8%         N/A       19%         1

Your spell library contained the following spells:

 Spells                   Type           Power      Damage    Failure   Level
 Vampiric Draining        Necr           17%        2d7       9%          3
 Static Discharge         Conj/Air       1%         3-4/arc   30%         2
 Call Canine Familiar     Summ           2%         N/A       50%         3
 Gell's Gravitas          Tloc           1%         N/A       52%         3
 Lesser Beckoning         Tloc           1%         N/A       52%         3
 Summon Guardian Golem    Hex/Summ       2%         N/A       52%         3
 Teleport Other           Tloc           1%         N/A       52%         3
 Animate Dead             Necr           17%        N/A       26%         4
 Dispel Undead            Necr           17%        3d10      26%         4
 Agony                    Necr           17%        N/A       58%         5
 Sticky Flame             Conj/Fire      1%         2d3       90%         4


Dungeon Overview and Level Annotations

Branches:
Dungeon (2/15)

Altars:
Xom

Shops:
D:1 (


Innate Abilities, Weirdness & Mutations

You sometimes gain a little power by taking damage.


Message History

The black bear barely misses you. The black bear claws you. x2
* * * LOW HITPOINT WARNING * * *
Casting: Necrotise (safe; 2% risk of failure)
Confirm with . or Enter, or press ? or * to list all spells.
Aiming: Necrotise (safe; 2% risk of failure)
Press: ? - help, Shift-Dir - straight line, f/p - black bear
Aim: a black bear (heavily wounded, ally target, chance to affect: 75%)
The black bear writhes in agony.
Xom grants you a minor favour.
You feel better.
Your rat barely misses the black bear.
The black bear bites you. The black bear claws you.
The black bear barely misses you.
Casting: Necrotise (safe; 2% risk of failure)
Confirm with . or Enter, or press ? or * to list all spells.
Aiming: Necrotise (safe; 2% risk of failure)
Press: ? - help, Shift-Dir - straight line, f/p - black bear
Aim: a black bear (heavily wounded, ally target, chance to affect: 75%)
The black bear writhes in agony.
Your rat bites the black bear.
The black bear goes berserk!
Xom is amused.
Casting: Necrotise (safe; 2% risk of failure)
Confirm with . or Enter, or press ? or * to list all spells.
You don't have enough magic to cast this spell.
Casting: Necrotise (safe; 2% risk of failure)
Confirm with . or Enter, or press ? or * to list all spells.
Okay, then.
You barely miss the black bear.
The black bear is severely wounded.
The black bear bites you!
Ouch! That really hurt!
* * * LOW HITPOINT WARNING * * *
You focus on the pain.
You feel agile all of a sudden. The black bear barely misses you.
The black bear completely misses you.
Your rat barely misses the black bear.
You hit the black bear.
The black bear is severely wounded.
The black bear bites you.
You die...
Xom chortles!

##########
#........#
#......<.#
#.......@#
#.......h#
#......r..#
#.........#
#...........
#####..######
.... .....


You could see a black bear (berserk, ally target) and a friendly rat (summoned).

Vanquished Creatures
  An endoplasm (D:1)
  2 giant cockroaches
  A hobgoblin (D:1)
  2 kobolds (D:1)
  2 quokkas (D:1)
  A ball python (D:1)
  4 bats (D:1)
  3 goblins (D:1)
  3 rats (D:1)
19 creatures vanquished.

Vanquished Creatures (collateral kills)
  An endoplasm (D:2)
1 creature vanquished.

Grand Total: 20 creatures vanquished

Notes
Turn   | Place    | Note
-------+----------+-------------------------------------------
     0 | D:1      | mikeweasel the Demonspawn Necromancer began the quest for
                  | the Orb.
     0 | D:1      | Reached XP level 1. HP: 13/13 MP: 3/3
   206 | D:1      | Gained mutation: You sometimes gain a little power by
                  | taking damage. [demonic ancestry]
   206 | D:1      | Reached XP level 2. HP: 19/19 MP: 1/5
   511 | D:1      | Learned a level 1 spell: Summon Small Mammal
   643 | D:1      | Found a faded altar of an unknown god.
   673 | D:1      | Prayed at the altar of an unknown god.
   673 | D:1      | Became a worshipper of Xom the Begetter of Turbulence
   749 | D:1      | Found Xiudisk's Antique Weapon Shop.
   971 | D:2      | Noticed a black bear
   982 | D:2      | XOM: potion effect (curing)
   985 | D:2      | Slain by a black bear

Illustrated notes

Levels and vault maps discovered:
D:1:      dpeg_arrival_subterranean_lakeside_camping, layout_loops_ring,
          serial_shops, shop, chequers_ecumenical_altar_simple
D:2:      layout_rooms, basic_altar, st_stairs_7, roderic_serpentine_path,
          uniq_natasha

Skill      XL: |  1  2 |
---------------+-------+-----
Stealth        | 2 |  2.0
Dodging        | 2 |  2.0
Spellcasting   | |  2.2
Summonings     | |  0.2
Necromancy     | |  4.9

Action                   || total
-------------------------++-------
Melee: Dagger            ||     8
 Cast: Necrotise         ||    29
       Summon Small Mamm ||     2
  Use: Potion            ||     4
       Scroll            ||     2
Armor: Robe              ||     2
Dodge: Dodged            ||    10
